 Dungeon Crawl Stone Soup version 0.24.0-123-gd5b16e6ec5 (webtiles) character file.

Game seed: 1615996897864397134, levelgen mode: deterministic

84452 mmrezaie the Severer (level 15, -49/139 HPs)
             Began as a Minotaur Berserker on Dec 19, 2019.
             Was an Elder of Trog.
             Killed from afar by a fire giant (50 damage)
             ... with a fireball
             ... on level 1 of the Depths.
             The game lasted 02:46:25 (31715 turns).

mmrezaie the Severer (Minotaur Berserker)          Turns: 31715, Time: 02:46:26

Health: -49/139    AC: 18    Str: 21    XL:     15   Next: 35%
Magic:  14/14      EV: 15    Int:  4    God:    Trog [****..]
Gold:   1265       SH: 12    Dex: 17    Spells: 14/14 levels left

rFire    . . .     SeeInvis .   j - +0 broad axe
rCold    + . .     Gourm    .   M - +0 large shield
rNeg     . . .     Faith    .   y - quicksilver dragon scales
rPois    .         Spirit   .   (helmet restricted)
rElec    .         Reflect  .   (no cloak)
rCorr    .         Harm     .   u - +0 pair of gloves
MR       ++...                  E - +0 pair of boots
Stlth    +.........             m - amulet of the acrobat
HPRegen  0.33/turn              I - ring of protection from cold
MPRegen  0.14/turn              (no ring)

@: about to teleport, berserk cooldown, slowed, lightly drained, very slow
A: retaliatory headbutt, horns 2
a: Berserk, Trog's Hand, Brothers in Arms, Renounce Religion


You were on level 1 of the Depths.
You worshipped Trog.
Trog was greatly pleased with you.
You were very hungry.

You visited 3 branches of the dungeon, and saw 17 of its levels.
You also visited: Sewer.

You collected 1265 gold pieces.

Inventory:

Hand Weapons
 j - a +0 broad axe (weapon)
 V - a -3 hand axe
Missiles
 s - 18 poisoned darts
 R - 91 bolts
 U - 8 silver javelins (quivered)
Armour
 u - a +0 pair of gloves (worn)
 y - quicksilver dragon scales (worn)
 D - a +2 shield of poison resistance
 E - a +0 pair of boots (worn)
 M - a +0 large shield (worn)
Jewellery
 m - an amulet of the acrobat (around neck)
 I - a ring of protection from cold (left hand)
Wands
 i - a wand of iceblast (16)
 q - a wand of disintegration (10)
 r - a wand of enslavement (17)
 t - a wand of paralysis (8)
 B - a wand of clouds (8)
 F - a wand of flame (7)
 P - a wand of digging (3)
 T - a wand of scattershot (4)
Scrolls
 h - 4 scrolls of fog
 k - 4 scrolls of immolation
 n - a scroll of torment
 v - 3 scrolls of magic mapping
 z - 2 scrolls of remove curse
 H - a scroll of blinking {unknown}
 K - a scroll of holy word {unknown}
 L - a scroll of silence {unknown}
 O - a scroll of enchant weapon {unknown}
 Q - a scroll of enchant armour {unknown}
 S - a scroll of random uselessness {unknown}
Potions
 b - 6 potions of curing
 d - 2 potions of resistance
 e - 3 potions of mutation
 f - 5 potions of flight
 l - a potion of berserk rage
 o - 3 potions of might
 w - 5 potions of lignification
 G - 3 potions of ambrosia
 N - a potion of invisibility
Miscellaneous
 a - a phantom mirror
 J - a fan of gales
Comestibles
 c - 2 rations
 p - 10 chunks of flesh


   Skills:
 + Level 14.8(14.2) Fighting
 * Level 19.4(18.7) Axes
 + Level 14.6(14.0) Armour
 + Level 13.6(13.0) Dodging


You had 14 spell levels left.
You didn't know any spells.
Your spell library contained the following spells:

 Spells                   Type           Power        Failure   Level  Hunger
 Magic Dart               Conj           #...         100%        1    ##.....
 Sandblast                Erth           #.....       100%        1    ##.....
 Summon Small Mammal      Summ           #...         100%        1    ##.....
 Blink                    Tloc           N/A          100%        2    ###....
 Call Imp                 Summ           #.......     100%        2    ###....
 Passwall                 Tmut/Erth      #.......     100%        2    ###....
 Slow                     Hex            #.......     100%        2    ###....
 Call Canine Familiar     Summ           #.......     100%        3    ####...
 Conjure Flame            Conj/Fire      #.......     100%        3    ####...
 Mephitic Cloud           Conj/Pois/Air  #.......     100%        3    ####...
 Stone Arrow              Conj/Erth      #.....       100%        3    ####...
 Summon Guardian Golem    Hex/Summ       #.......     100%        3    ####...
 Cause Fear               Hex            #.........   100%        4    #####..
 Petrify                  Tmut/Erth      #.......     100%        4    #####..
 Summon Ice Beast         Ice/Summ       #.......     100%        4    #####..
 Summon Lightning Spire   Summ/Air       #.......     100%        4    #####..
 Lee's Rapid Deconstruct  Erth           #.........   100%        5    ######.
 Silence                  Hex/Air        #.........   100%        5    ######.
 Yara's Violent Unravell  Hex/Tmut       #.........   100%        5    ######.
 Deflect Missiles         Chrm/Air       #.........   100%        6    #######
 Discord                  Hex            #.........   100%        8    #######


Dungeon Overview and Level Annotations

Branches:
Dungeon (15/15)            Temple (1/1) D:7             Orc (0/2) D:10
 Vaults (0/5) D:14         Depths (1/5) D:15          Sewer (visited)
   Lair: D:8-11

Altars:
Ashenzari
Cheibriados
Dithmenos
Elyvilon
Fedhas
Gozag
Hepliaklqana
Kikubaaqudgha
Makhleb
Nemelex Xobeh
Okawaru
Qazlal
Ru
Sif Muna
Trog
Uskayaw
Vehumet
Wu Jian
Xom
Yredelemnul
Zin
The Shining One

Shops:
D:12 [(

Portals:
Abyss: Depths:1
Trove: D:14 (show abyssal rune of Zot)

Annotations:
D:6 exclusion: slave
Depths:1 Bai Suzhen


Innate Abilities, Weirdness & Mutations

You reflexively headbutt those who attack you in melee.
You have a pair of horns on your head.


Message History

The stone giant is struck by lightning.
The stone giant throws a large rock.
The large rock hits you.
* * * LOW HITPOINT WARNING * * *
Lightning arcs down from a storm cloud!
You see here a large rock.
Your skin stops crawling.
You feel less resistant to hostile enchantments.
The stone giant is struck by lightning.
The fire giant casts a spell at you. The bolt of fire hits you!!
* * * LOW HITPOINT WARNING * * *
Bai Suzhen breathes water at you. The torrent of water misses you.
The wave splashes down.
The stone giant is struck by lightning.
As you read the scroll of teleportation, it crumbles to dust.
You feel strangely unstable.
You hear a clap of thunder!
The fire giant casts a spell at you.
The fireball explodes!
The fireball engulfs you!!!
You die...

.....###.([.....###.###
###.###.. .###.#....#.....#
#...###...# #..
..÷...#.###...### ###..#..###
### ..)...(..#...## ##...## #
##.###...###..#######....≈###
##...(..## #....#.#.≈....≈≈≈#
######...#
#..≈≈#.#≈.....÷≈≈###.. #
#######
##≈≈≈..≈C.....[.≈≈....
##...## ##≈≈@§C§§§§.§[[......
##.....##
#...(§D§.#########..
##.......# ###..§§§## .
.....#...## ##....#
....##....# #....#
....###...### ###...## .####
#.....###....≈#
##..)...#....## ##.........##


You could see Bai Suzhen, a fire giant and a stone giant.

Vanquished Creatures
  Kirke (D:14)
  2 very ugly things (D:15)
  A war gargoyle (D:14)
  A stone giant (Depths:1)
  2 ettins (Depths:1)
  A deep elf high priest (D:14)
  2 great orbs of eyes (Depths:1)
  A great orb of eyes (shapeshifter) (Depths:1)
  6 vault guards (D:14)
  2 hydras
  3 centaur warriors
  3 tengu warriors (D:15)
  18 two-headed ogres
  3 ogre magi
  A deep troll shaman (Depths:1)
  4 deep troll earth magi
  14 skeletal warriors
  3 unseen horrors
  3 wizards
  3 deep trolls (Depths:1)
  Pikel (D:5)
  32 ugly things
  An orc sorcerer (D:15)
  3 deep elf magi
  4 manticores
  2 cyclopes
  2 centaur zombies
  2 naga magi (D:15)
  4 gargoyles (D:14)
  A yaktaur (shapeshifter) (Depths:1)
  2 yaktaurs (D:14)
  A freezing wraith (D:15)
  4 tengu conjurers
  2 polar bears (D:13)
  A hornet (D:10)
  2 trolls (D:13)
  2 slime creatures (D:15)
  6 hippogriffs
  A centaur simulacrum (D:14)
  2 wraiths
  2 wyverns
  A shadow (D:13)
  12 yaks
  2 hogs (D:14)
  2 hungry ghosts
  A steam dragon (D:12)
  9 vampire mosquitoes
  Menkaure (D:7)
  3 acid dragons
  A swamp drake (D:10)
  3 orc warriors
  2 phantoms (D:10)
  5 sky beasts
  A black bear (D:7)
  An eye of draining (shapeshifter) (D:15)
  3 ice beasts
  10 ogres
  3 boggarts
  16 centaurs
  8 big kobolds
  10 bullfrogs
  A gnoll sergeant (D:8)
  A water moccasin zombie (D:5)
  A wyvern skeleton (D:8)
  5 scorpions
  6 killer bees (D:12)
  4 howler monkeys
  4 crimson imps
  A bullfrog zombie (D:9)
  A quasit (D:10)
  5 centaur skeletons
  A bullfrog skeleton (D:11)
  2 hounds
  5 jellies
  An orc priest (D:10)
  9 orc wizards
  Jessica (D:2)
  3 iguanas
  8 worker ants
  A hound zombie (D:10)
  A hound skeleton (D:4)
  A worker ant zombie (D:5)
  8 gnolls
  12 adders
  3 river rats (Sewer)
  3 shadow imps
  4 oozes
  An adder zombie (D:9)
  5 worms
  4 leopard geckos
  36 orcs
  8 ball pythons
  9 bats
  4 giant cockroaches
  6 goblins
  9 hobgoblins
  15 jackals
  22 kobolds
  4 quokkas
  5 frilled lizards
  A jackal skeleton (D:4)
  A leopard gecko zombie (D:6)
  A quokka skeleton (D:6)
  7 rats
475 creatures vanquished.

Vanquished Creatures (collateral kills)
  A deep troll (Depths:1)
  2 centaurs (D:13)
3 creatures vanquished.

Vanquished Creatures (others)
  3 humans
  A phantom (D:11)
  A hound (D:14)
  An orc wizard (D:10)
6 creatures vanquished.

Grand Total: 484 creatures vanquished

Notes
Turn   | Place    | Note
-------+----------+-------------------------------------------
     0 | D:1      | mmrezaie the Minotaur Berserker began the quest for the
                  | Orb.
     0 | D:1      | Reached XP level 1. HP: 19/19 MP: 0/0
   101 | D:1      | Reached XP level 2. HP: 27/27 MP: 1/1
   104 | D:1      | Reached skill level 4 in Axes
   544 | D:1      | Reached XP level 3. HP: 30/33 MP: 2/2
   969 | D:2      | Reached ** piety under Trog
  1213 | D:2      | Found a sparkling altar of Nemelex Xobeh.
  1348 | D:2      | Noticed Jessica
  1366 | D:2      | Killed Jessica
  1366 | D:2      | Reached XP level 4. HP: 39/40 MP: 3/3
  1661 | D:3      | Reached skill level 5 in Axes
  1702 | D:3      | Found a burning altar of Makhleb.
  1702 | D:3      | Found a hazy altar of Hepliaklqana.
  1842 | D:3      | Found a glowing drain.
  1934 | Sewer    | Entered a sewer
  2057 | Sewer    | Noticed a big kobold
  2073 | Sewer    | Killed a big kobold
  2073 | Sewer    | Reached XP level 5. HP: 47/47 MP: 4/4
  2362 | Sewer    | Reached XP level 6. HP: 55/55 MP: 5/5
  2363 | Sewer    | Reached skill level 5 in Fighting
  2363 | Sewer    | Reached skill level 6 in Axes
  2763 | Sewer    | Reached XP level 7. HP: 61/61 MP: 6/6
  3867 | D:4      | Reached skill level 7 in Axes
  4343 | D:4      | Reached skill level 5 in Armour
  5630 | D:5      | Entered Level 5 of the Dungeon
  5967 | D:5      | Reached XP level 8. HP: 70/70 MP: 7/7
  6124 | D:5      | Reached skill level 8 in Axes
  6124 | D:5      | Reached skill level 5 in Dodging
  6554 | D:6      | Noticed Pikel
  6578 | D:5      | Killed Pikel
  6578 | D:5      | Reached skill level 9 in Axes
  7244 | D:7      | Found a staircase to the Ecumenical Temple.
  7294 | D:7      | Noticed Menkaure
  7309 | D:7      | Killed Menkaure
  7309 | D:7      | Reached XP level 9. HP: 70/79 MP: 8/8
  7569 | D:7      | Reached skill level 10 in Axes
  8435 | Temple   | Entered the Ecumenical Temple
  8724 | D:8      | Found a blossoming altar of Fedhas.
  8725 | D:8      | Found a stormy altar of Qazlal.
  8747 | D:8      | Reached *** piety under Trog
  9072 | D:8      | Reached skill level 11 in Axes
  9859 | D:9      | Noticed a white ugly thing
  9867 | D:9      | Killed a white ugly thing
  9867 | D:9      | Reached XP level 10. HP: 90/90 MP: 9/9
 10326 | D:9      | Reached **** piety under Trog
 10426 | D:10     | Entered Level 10 of the Dungeon
 10814 | D:10     | Paralysed by a hornet for 1 turns
 10819 | D:10     | Reached skill level 12 in Axes
 11197 | D:10     | Noticed a manticore
 11218 | D:10     | Killed a manticore
 11311 | D:10     | Found a staircase to the Orcish Mines.
 11876 | D:10     | Reached XP level 11. HP: 99/99 MP: 10/10
 12483 | D:9      | Noticed a two-headed ogre
 12491 | D:9      | Killed a two-headed ogre
 12491 | D:9      | Reached skill level 13 in Axes
 12677 | D:9      | Reached skill level 10 in Fighting
 12960 | D:11     | Killed an unseen horror
 13198 | D:11     | Received a gift from Trog
 13478 | D:11     | You fall into a shaft and drop 3 floors!
 13479 | D:14     | Noticed a skeletal warrior
 13479 | D:14     | Noticed a skeletal warrior
 13482 | D:14     | Noticed a vault guard
 13485 | D:14     | Noticed a vault guard
 13503 | D:14     | Reached skill level 10 in Armour
 13886 | D:13     | Noticed a deep elf mage
 13890 | D:13     | Noticed a centaur warrior
 13891 | D:13     | Killed a deep elf mage
 13899 | D:13     | Reached skill level 14 in Axes
 13901 | D:13     | Killed a centaur warrior
 13995 | D:13     | Noticed a two-headed ogre
 14008 | D:13     | Noticed a deep elf mage
 14026 | D:13     | Found a bloodstained altar of Trog.
 14123 | D:13     | Killed a two-headed ogre
 14272 | D:13     | Reached XP level 12. HP: 110/110 MP: 11/11
 14431 | D:13     | Reached skill level 10 in Dodging
 15260 | D:12     | Reached skill level 15 in Axes
 15366 | D:12     | Found Ilin's Weapon Shop.
 15448 | D:12     | Found Wahumuiso's Armour Shop.
 15468 | D:12     | Found Luas's Weapon Boutique.
 15523 | D:12     | Noticed a two-headed ogre
 15532 | D:12     | Killed a two-headed ogre
 15760 | D:12     | Noticed a seven-headed hydra
 15775 | D:12     | Killed a 14-headed hydra
 15775 | D:12     | Reached ***** piety under Trog
 17683 | D:14     | Killed a vault guard
 17731 | D:14     | Noticed Kirke
 17828 | D:14     | Noticed a vault guard
 17849 | D:14     | Killed a vault guard
 18118 | D:14     | Killed Kirke
 18118 | D:14     | Reached skill level 16 in Axes
 18134 | D:14     | Noticed a vault guard
 18138 | D:14     | Noticed a vault guard
 18153 | D:14     | Killed a vault guard
 18153 | D:14     | Reached XP level 13. HP: 118/118 MP: 12/12
 18396 | D:14     | Found a gate to the Vaults.
 19900 | D:14     | Found a runed translucent door.
 19916 | D:14     | Noticed a war gargoyle
 21363 | D:14     | Killed a war gargoyle
 22347 | D:15     | Entered Level 15 of the Dungeon
 22412 | D:15     | Reached skill level 17 in Axes
 24252 | D:15     | Reached XP level 14. HP: 117/129 MP: 13/13
 25809 | D:14     | Found a portal to a secret trove of treasure.
 26172 | D:15     | Reached skill level 18 in Axes
 26774 | D:15     | Found a staircase to the Depths.
 26880 | Depths:1 | Entered Level 1 of the Depths
 26882 | Depths:1 | Noticed a white very ugly thing
 27284 | Depths:1 | Noticed a white very ugly thing
 27301 | D:15     | Killed a white very ugly thing
 27665 | D:15     | Killed a white very ugly thing
 27978 | Depths:1 | Noticed a storm dragon
 27981 | Depths:1 | Noticed an entropy weaver
 27983 | Depths:1 | Noticed a stone giant
 28026 | Depths:1 | Killed a stone giant
 29788 | Depths:1 | Reached XP level 15. HP: 119/139 MP: 14/14
 29801 | Depths:1 | Reached skill level 19 in Axes
 30051 | Depths:1 | HP: 1/139 [ettin/+0 dire flail (17)]
 31423 | Depths:1 | Found a one-way gate to the infinite horrors of the Abyss.
 31672 | Depths:1 | Noticed Bai Suzhen
 31698 | Depths:1 | Noticed a fire giant
 31714 | Depths:1 | HP: 1/139 [fire giant/bolt of fire (30)]
 31715 | Depths:1 | Killed from afar by a fire giant

Levels and vault maps discovered:
D:1:      scummos_arrival_hexagon, layout_loops_ring
D:2:      layout_rooms, nemelex_lonely_heart_becter, uniq_jessica
D:3:      layout_basic, gammafunk_temple_overflow_elements, first_ration,
          cheibrodos_sewer_entry_bend
D:4:      layout_loops_corners
D:5:      layout_loops_cross, kennysheep_generic_room_16
D:6:      layout_loops_cross, chequers_serial_rivers_micro_c, uniq_pikel
D:7:      layout_basic, minmay_temple_entry_large_hall, uniq_menkaure
D:8:      layout_loops_corners, grunt_temple_overflow_forces_of_nature,
          blue_anna_alchemist [blue_anna_fruit_fields, blue_anna_fruit_fields]
D:9:      layout_cave_pods, grunt_decor_one_mirror
D:10:     layout_basic, erik_orc_1, chequers_serial_rivers_micro_e
D:11:     layout_basic, dpeg_lair_monsters, gauntlet_entry_generic
D:12:     layout_grid_maze, serial_shops, shop, shop, shop, wad_dig_loot
D:13:     layout_big_octagon, trog_ov_bears_minmay
D:14:     layout_roguey, grunt_vaults_entry_fortified, enter_trove_5,
          minmay_hidden_floor, uniq_kirke
D:15:     grunt_enter_depths_magical_seal, layout_rooms
Temple:   dpeg_five_rooms_temple
Depths:1: layout_twisted_cross, abyss_entry, minmay_misc_feat_columns,
          lightli_too_deep, item_on_display_a, roderic_lattice_octagonal_star,
          uniq_bai_suzhen

Skill      XL: |  1  2  3  4  5  6  7  8  9 10 11 12 13 14 15 |
---------------+----------------------------------------------+-----
Axes           | 4 5 6 7 9 11 12 14 16 17 18 19 | 19.4
Fighting       | 4 5 6 7 8 9 11 12 13 14 | 14.8
Armour         | 3 4 5 6 8 9 10 12 13 14 | 14.6
Dodging        | 3 4 6 7 8 9 11 12 13 | 13.6

Action                   |  1- 3 |  4- 6 |  7- 9 | 10-12 | 13-15 || total
-------------------------+-------+-------+-------+-------+-------++-------
Melee: Hand axe          |    80 |    91 |   213 |       |   234 ||   618
       Headbutt          |     8 |    12 |    57 |   152 |   293 ||   522
       War axe           |       |       |    69 |   576 |   116 ||   761
       Unarmed           |       |       |       |       |    80 ||    80
       Broad axe         |       |       |       |       |   460 ||   460
Throw: Dart              |       |       |    10 |    13 |     2 ||    25
       Javelin           |       |       |    33 |    34 |    13 ||    80
Invok: Berserk           |     3 |     4 |    15 |    20 |    27 ||    69
       Trog's Hand       |     1 |     2 |     3 |     9 |    12 ||    27
       Brothers in Arms  |       |       |       |     2 |       ||     2
Evoke: Wand              |       |     2 |       |       |     6 ||     8
  Use: Scroll            |       |       |     9 |     3 |    22 ||    34
       Potion            |       |       |       |     2 |     9 ||    11
 Stab: Confused          |       |       |       |     3 |       ||     3
       Distracted        |       |       |       |     1 |       ||     1
  Eat: Chunk             |     3 |     9 |    16 |    22 |     8 ||    58
       Ration            |       |       |     7 |     8 |    19 ||    34
Armor: Animal skin       |     3 |       |       |       |       ||     3
       Scale mail        |    17 |    23 |    46 |       |       ||    86
       Leather armour    |     2 |       |       |       |       ||     2
       Ring mail         |     2 |       |       |       |       ||     2
       Quicksilver drago |       |       |    43 |   265 |   265 ||   573
Dodge: Dodged            |    49 |    47 |   172 |   636 |   388 ||  1292
Block: Large shield      |       |       |       |   102 |   475 ||   577
